Map: Lerilak Crest

Players

Dunmer

  • Race: Terran Terran

LiquidSnute (Snute) - Winner!

  • Race: Zerg Zerg
  • League: Grandmaster

VOD

Have the link to the VOD?

Description

Time

  • Played on: Dec. 3, 2015, 7:40 p.m.
  • Length: 10:14
Show
View Real Time Build Order
Export as new Build Order

Dunmer Terran 

Build Orders: 1/1/1, Mech, Banshee Rush 

Get SALT Encoding   

  12  0:01  SCV  
  13  0:13  SCV  
  14  0:21  Supply Depot  
  14  0:25  SCV  
  15  0:32  Refinery  
  15  0:42  SCV  
  16  0:45  Barracks  
  16  0:54  SCV  
  17  1:06  SCV  
  18  1:18  SCV  
  19  1:32  Marine, Orbital Command  
  20  1:38  Factory, Refinery  
  20  1:46  Supply Depot  
  20  1:52  Marine  
  21  2:00  SCV  
  22  2:11  Marine  
  22  2:12  SCV  
  24  2:23  Starport, Widow Mine  
  24  2:24  SCV  
  24  2:29  Marine  
  28  2:34  Supply Depot  
  28  2:39  SCV  
  29  2:47  Barracks Tech Lab  
  29  2:51  SCV  
  30  2:55  Widow Mine  
  30  2:57  Supply Depot  
  32  3:03  Medivac  
  34  3:06  SCV  
  35  3:18  Barracks Reactor  
  35  3:20  SCV  
  36  3:29  Factory Reactor  
  36  3:40  Command Center  
  36  3:47  Supply Depot  
  36  3:50  Banshee, Cloaking Field  
  40  3:55  SCV  
  40  3:56  Marine x2  
  42  4:12  Hellion x2  
  42  4:14  Marine x2  
  48  4:25  SCV  
  49  4:33  Banshee  
  49  4:46  Hellion x2  
  49  4:50  SCV  
  52  4:52  Marine  
  52  4:53  Armory, Marine  
  54  5:04  SCV  
  55  5:08  Hellion  
  55  5:10  Marine  
  58  5:16  Banshee, SCV  
  62  5:30  Marine x2  
  62  5:31  Hellion x2  
  62  5:32  SCV  
  62  5:34  Orbital Command  
  69  5:44  SCV  
  70  5:53  Supply Depot, Engineering Bay  
  70  6:15  SCV x2, Hellion  
  74  6:19  Factory  
  74  6:21  Factory  
  74  6:27  SCV x2  
  73  6:39  SCV x2  
  63  6:50  Marine x2  
  63  6:51  Banshee, Hellion x2  
  61  6:54  SCV x2  
  61  6:55  Factory  
  61  6:56  Factory  
  57  7:05  Factory Tech Lab x2  
  57  7:06  SCV x2  
  53  7:18  SCV  
  53  7:20  Refinery  
  53  7:21  SCV  
  55  7:26  Siege Tank  
  55  7:27  Siege Tank  
  61  7:30  SCV  
  61  7:31  Command Center  
  61  7:35  SCV  
  63  7:39  Hellion x2  
  63  7:40  Factory Tech Lab  
  63  7:43  SCV  
  68  7:44  Refinery  
  68  7:45  Supply Depot  
  68  7:50  SCV  
  69  7:57  Terran Vehicle Weapons Level 1  
  69  8:00  Supply Depot  
  69  8:03  Hellion, Siege Tank, Hellbat  
  69  8:04  SCV x2  
  78  8:08  Supply Depot  
  78  8:18  Hellion, Siege Tank, Hellbat  
  85  8:27  SCV x2  
  78  8:29  Hellion, Siege Tank  
  78  8:30  Hellbat  
  85  8:35  Hellion  
  85  8:40  Banshee  
  90  8:48  Missile Turret  
  90  8:49  Orbital Command  
  90  8:50  SCV  
  90  8:54  Hellion, Siege Tank  
  96  9:13  Hellion, Siege Tank, Hellbat  
  103  9:20  Refinery, Orbital Command  
  103  9:22  Missile Turret, Orbital Command  
  103  9:25  Refinery, Hellion, Siege Tank, Missile Turret, Hellbat  
  103  9:29  Hellion  
  105  9:39  Hellion, Hellbat  
  112  9:50  Hellion  
  95  9:57  SCV x2  
Show
View Real Time Build Order
Export as new Build Order

LiquidSnute Zerg - Winner!

Build Orders: Hatch First 

Get SALT Encoding   

  12  0:00  Drone  
  13  0:12  Overlord  
  13  0:17  Drone  
  14  0:30  Drone x2  
  14  0:34  Drone  
  17  0:52  Hatchery  
  17  0:55  Drone  
  17  0:58  Drone  
  18  1:06  Extractor  
  17  1:12  Spawning Pool  
  17  1:15  Drone  
  17  1:18  Drone  
  18  1:28  Drone  
  19  1:38  Overlord  
  19  1:59  Queen  
  21  2:02  Zergling x4  
  21  2:03  Queen  
  21  2:07  Metabolic Boost  
  25  2:09  Overlord  
  25  2:14  Drone  
  25  2:15  Drone  
  27  2:21  Drone  
  28  2:25  Drone  
  29  2:32  Drone  
  30  2:38  Drone  
  30  2:39  Queen  
  33  2:47  Overlord, Drone  
  34  2:54  Drone  
  34  2:57  Drone  
  36  3:04  Drone  
  37  3:08  Drone  
  37  3:09  Drone x2  
  37  3:10  Drone  
  37  3:11  Drone x3  
  44  3:19  Lair, Overlord  
  44  3:20  Drone  
  44  3:24  Extractor  
  44  3:27  Drone  
  44  3:31  Drone  
  46  3:37  Hatchery  
  46  3:39  Drone x2  
  45  3:42  Drone  
  45  3:43  Drone  
  47  3:50  Roach Warren  
  47  3:52  Drone x2  
  47  3:55  Drone x2  
  50  3:56  Drone  
  50  3:58  Drone  
  52  4:04  Evolution Chamber x2  
  52  4:05  Extractor  
  52  4:06  Zergling x2  
  52  4:09  Zergling x2, Extractor  
  50  4:13  Zergling x2  
  50  4:16  Spore Crawler, Overseer  
  50  4:18  Zergling x2  
  50  4:19  Zergling x4  
  50  4:22  Drone x2  
  55  4:25  Drone  
  55  4:26  Drone  
  56  4:44  Drone  
  56  4:45  Drone x6  
  58  4:51  Zerg Missile Weapons Level 1, Zerg Ground Armor Level 1  
  58  4:55  Drone x2, Queen  
  58  4:59  Infestation Pit  
  62  5:00  Drone  
  62  5:01  Drone  
  62  5:02  Drone  
  62  5:04  Extractor  
  62  5:07  Overlord  
  63  5:08  Extractor  
  63  5:10  Drone  
  63  5:12  Drone  
  64  5:17  Drone  
  65  5:26  Queen x2  
  66  5:32  Drone x6  
  66  5:35  Glial Reconstitution  
  71  5:37  Queen  
  71  5:42  Pathogen Glands  
  72  5:44  Spore Crawler  
  72  5:47  Spore Crawler  
  70  5:51  Drone  
  70  5:53  Roach  
  70  5:54  Overlord  
  70  5:56  Overlord  
  73  6:06  Overlord  
  73  6:11  Overlord  
  73  6:13  Roach x2  
  73  6:14  Roach x2  
  73  6:16  Ravager  
  73  6:18  Roach x3  
  88  6:33  Roach x6  
  91  6:42  Ravager  
  91  6:43  Roach  
  91  6:44  Roach x5  
  104  6:55  Ravager x3  
  104  6:57  Zerg Ground Armor Level 2, Zerg Missile Weapons Level 2  
  104  6:58  Infestor  
  105  7:06  Overlord x2  
  105  7:16  Hatchery  
  105  7:22  Ravager  
  105  7:25  Infestor x3  
  105  7:28  Drone x3  
  105  7:29  Drone x3  
  117  7:30  Drone  
  117  7:31  Drone  
  117  7:36  Hive, Queen  
  121  7:42  Overlord x2  
  121  7:48  Overseer  
  121  7:51  Overlord  
  121  8:07  Roach x8  
  135  8:31  Overlord x2, Ravager x4  
  135  8:32  Roach x6  
  151  8:35  Overlord x2  
  151  8:46  Overlord x2  
  151  8:52  Ultralisk Cavern  
  150  8:58  Ravager x2  
  150  8:59  Ravager x2  
  150  9:00  Roach x8  
  150  9:01  Roach  
  172  9:03  Roach  
  172  9:04  Roach  
  172  9:07  Spore Crawler, Queen  
  177  9:19  Ravager x2  
  177  9:37  Roach x9  
  177  9:38  Roach x2  
  166  10:02  Ravager x5  
  166  10:03  Ravager x2  
Tags
 
Composition
Mech
Matchup
TvZ
Player
Snute
Strategy
Banshee Rush
Add a new tag
Caveats
  • Supply blocks, unpowered buildings, or Contaminate may cause inaccurate times.
  • Supply counts are checked every 10 seconds.